 Dungeon Crawl Stone Soup version 0.29-a0-418-gc0181ea (webtiles) character file.

Game seed: 4736834139950605322

45 Toastz the Insei (level 3, -7/27 HPs)
             Began as a Demonspawn Transmuter on May 17, 2022.
             Mangled by Crazy Yiuf
             ... wielding a +4 quarterstaff of chaos
              (15 damage)
             ... on level 2 of the Dungeon.
             The game lasted 00:03:59 (1916 turns).

Toastz the Insei (Demonspawn Transmuter)            Turns: 1916, Time: 00:03:59

Health: -7/27      AC:  2    Str: 12    XL:     3   Next: 42%
Magic:  5/6        EV: 12    Int: 22    God:
Gold:   43         SH:  0    Dex: 13    Spells: 0/6 levels left

rFire   . . .      SeeInvis .     - Unarmed
rCold   + . .      Faith    .   (no shield)
rNeg    . . .      Spirit   .   a - +0 robe
rPois   .          Reflect  .   (helmet currently unavailable)
rElec   .          Harm     .   (no cloak)
rCorr   .          Rampage  .   (no gloves)
Will    .....                   (boots currently unavailable)
Stlth   +.........              (no amulet)
HPRegen 0.09/turn               l - +6 ring of intelligence
MPRegen 0.10/turn               h - ring of protection from cold

@: appendages
A: horns 2, talons 2, big brain 1
a: End Transformation


You were on level 2 of the Dungeon.
You had temporarily grown beastly horns and talons.
You visited 1 branch of the dungeon, and saw 2 of its levels.

You collected 43 gold pieces.

Inventory:

Missiles
 c - 5 poisoned darts
 f - 131 stones (quivered)
Armour
 a - a +0 robe (worn)
Jewellery
 h - a ring of protection from cold (right hand)
 l - a +6 ring of intelligence (left hand)
Scrolls
 e - a scroll of fear {unknown}
 g - 3 scrolls of teleportation
 j - a scroll of enchant weapon {unknown}
Potions
 b - 3 potions of lignification
 d - a potion of mutation {unknown}
 i - a potion of curing
 k - 3 potions of heal wounds
 m - a potion of cancellation {unknown}
 n - a potion of haste {unknown}


   Skills:
 + Level 2.0 Fighting
 - Level 1.7 Dodging
 * Level 3.7 Unarmed Combat
 - Level 2.0 Spellcasting
 + Level 1.7 Transmutations


You couldn't memorise any spells.
You knew the following spells:

 Your Spells              Type           Power      Damage    Failure   Level
a - Beastly Appendage     Tmut           20%        N/A       7%          1
b - Wereblood             Tmut           10%        N/A       10%         2
c - Spider Form           Tmut/Pois      6%         N/A       28%         3

Your spell library contained the following spells:

 Spells                   Type           Power      Damage    Failure   Level
 Ice Form                 Ice/Tmut       6%         N/A       67%         4


Dungeon Overview and Level Annotations

Branches:
Dungeon (2/15)

Altars:
Qazlal

Annotations:
D:2 Crazy Yiuf


Innate Abilities, Weirdness & Mutations

You have temporarily grown beastly horns and talons.
You have an unusually large brain. (Int +2)


Message History

The rat closely misses you.
You hit the rat.
You kill the rat!
Your magical contamination has completely faded away.
A rat comes into view.
Casting: Beastly Appendage (safe; 7% risk of failure)
Confirm with . or Enter, or press ? or * to list all spells.
You grow a pair of large bovine horns.
Your feet morph into talons.
You hit the rat.
You kill the rat!
No target in view!
You see here a rat corpse.
Your transformation is almost over.
Your horns disappear.
Your talons disappear.
There is a stone staircase leading up here.
You now have 43 gold pieces (gained 16).
Found a runed mace.
Found a runed translucent door.
Crazy Yiuf shouts!
There is an escape hatch in the floor here.
Casting: Beastly Appendage (safe; 7% risk of failure)
Confirm with . or Enter, or press ? or * to list all spells.
You grow a pair of large bovine horns.
Your feet morph into talons.
Crazy Yiuf shouts!
You open the door. You barely miss Crazy Yiuf. You claw Crazy Yiuf.
Crazy Yiuf is moderately wounded.
Crazy Yiuf hits you with a +4 quarterstaff of chaos!
You closely miss Crazy Yiuf.
Crazy Yiuf is moderately wounded.
You hit Crazy Yiuf but do no damage. You claw Crazy Yiuf, but do no damage.
Your headbutt misses Crazy Yiuf.
Crazy Yiuf is moderately wounded.
Crazy Yiuf barely misses you.
You barely miss Crazy Yiuf.
Crazy Yiuf is moderately wounded.
Crazy Yiuf hits you with a +4 quarterstaff of chaos!
* * * LOW HITPOINT WARNING * * *
You convulse!
Ouch! That really hurt!
You die...

###......##........###.....
#..........................
#.#........####............
#.########## ####.........
#.# #......... ##.#######
##........ #..+...#.### ###
#........ #.......#..##...#
#........ #......####@g...#
######.... ##.+..## ###..)#
#......... ###### ###
#......... #.........
####...... #...... #######


You could see Crazy Yiuf.

Vanquished Creatures
  5 ball pythons
  4 endoplasms
  3 giant cockroaches (D:2)
  3 goblins (D:2)
  2 hobgoblins (D:1)
  3 jackals (D:2)
  2 quokkas
  6 bats
  2 frilled lizards (D:2)
  5 kobolds
  8 rats
43 creatures vanquished.

Notes
Turn   | Place    | Note
-------+----------+-------------------------------------------
     0 | D:1      | Toastz the Demonspawn Transmuter began the quest for the
                  | Orb.
     0 | D:1      | Reached XP level 1. HP: 15/15 MP: 3/3
   194 | D:1      | Found a faded altar of an unknown god.
   251 | D:1      | Reached skill level 3 in Unarmed Combat
   273 | D:1      | Gained mutation: You have an unusually large brain. (Int
                  | +2) [demonic ancestry]
   273 | D:1      | Reached XP level 2. HP: 10/21 MP: 1/5
   533 | D:1      | Learned a level 2 spell: Wereblood
  1125 | D:2      | Reached XP level 3. HP: 27/27 MP: 4/6
  1297 | D:2      | Found a stormy altar of Qazlal.
  1556 | D:2      | Learned a level 3 spell: Spider Form
  1809 | D:2      | Found a runed translucent door.
  1810 | D:2      | Noticed Crazy Yiuf
  1916 | D:2      | Mangled by Crazy Yiuf

Illustrated notes

Levels and vault maps discovered:
D:1:      wander_arrival_estate, layout_basic,
          shapermc_ecumenical_altar_mp_vishouse, minmay_heptomino_w4
D:2:      layout_basic, basic_altar, uniq_crazy_yiuf_cottage

Skill      XL: |  1  2  3 |
---------------+----------+-----
Unarmed Combat | 3 |  3.7
Fighting       | 2 |  2.0
Dodging        | |  1.7
Spellcasting   | |  2.0
Transmutations | |  1.7

Action                   || total
-------------------------++-------
Melee: Unarmed           ||    98
       Headbutt          ||    14
       Kick              ||    18
       Punch             ||     4
 Cast: Beastly Appendage ||    28
       Wereblood         ||     1
  Use: Scroll            ||     3
Armor: Robe              ||    26
Dodge: Dodged            ||    77

Table legend: (Time is in decaauts)
 A = Elapsed time spent in this place.
 B = Non-inter-level travel time spent in this place.
 C = Inter-level travel time spent in this place.
 D = Time resting spent in this place.
 E = Time spent auto-exploring this place.
 F = Levels seen in this place.
 G = Mean time per level.
                   A        B        C        D        E       F      G
               +--------+--------+--------+--------+--------+-----+--------+
         Total |   1908 |   1902 |      6 |    224 |   1359 |   2 |  954.0 |
       Dungeon |   1908 |   1902 |      6 |    224 |   1359 |   2 |  954.0 |
               +--------+--------+--------+--------+--------+-----+--------+

Top non-repeatable levels by time:
     D:2: 1164 daAuts
     D:1: 743 daAuts
